 Dungeon Crawl Stone Soup version 0.19-a0-1468-ge013c26 (webtiles) character file.

40 inmateoo the Skirmisher (level 3, -11/31 HPs)
             Began as a Draconian Fighter on Sept 7, 2016.
             Mangled by Sigmund
             ... wielding a +2 scythe of slicing
              (13 damage)
             ... on level 3 of the Dungeon.
             The game lasted 00:01:16 (765 turns).

inmateoo the Skirmisher (Draconian Fighter)          Turns: 765, Time: 00:01:17

Health: -11/31     AC:  5    Str: 23    XL:     3   Next: 30%
Magic:  3/3        EV: 10    Int:  8    God:
Gold:   43         SH:  9    Dex: 11    Spells: 0 memorised, 2 levels left

rFire  . . .     SeeInvis .     a - +0 long sword
rCold  . . .     Gourm    .     (armour unavailable)
rNeg   . . .     Faith    .     b - +0 shield
rPois  .         Spirit   .     (helmet restricted)
rElec  .         Dismiss  .     (no cloak)
rCorr  .         Reflect  .     (no gloves)
MR     .....     Harm     .     (no boots)
Stlth  +.........               (no amulet)
                                (no ring)
                                (no ring)

@: mighty
A: unfitting armour, cold-blooded, AC +5
a: no special abilities


You were on level 3 of the Dungeon.
You were not hungry.

You visited 1 branch of the dungeon, and saw 3 of its levels.

You collected 43 gold pieces.

Inventory:

Hand Weapons
 a - a +0 long sword (weapon)
Armour
 b - a +0 shield (worn)
Scrolls
 i - a scroll of recharging {unknown}
 k - a scroll of remove curse {unknown}
Potions
 e - a potion of flight {unknown}
 h - a potion of degeneration {unknown}
 j - a potion of curing {unknown}
Books
 g - a Grand Grimoire

   Spells                             Type                      Level
   a - Monstrous Menagerie            Summoning                    7
   b - Summon Greater Demon           Summoning                    7
   c - Malign Gateway                 Summoning/Translocation      7
   d - Summon Horrible Things         Summoning                    8
Comestibles
 d - 2 bread rations
 f - a meat ration


   Skills:
 + Level 3.6 Fighting
 * Level 2.8 Long Blades
 + Level 3.0 Dodging
 + Level 3.3 Shields


You had 2 spell levels left.
You didn't know any spells.

Dungeon Overview and Level Annotations

Branches:
Dungeon (3/15)

Altars:

Annotations:
D:3 Sigmund; Torax's ghost, amateur OgMo


Innate Abilities, Weirdness & Mutations

Your plain brown scales are hard. (AC +5)
Your body does not fit into most forms of armour.
You are cold-blooded and may be slowed by cold attacks.


Message History

Sigmund is moderately wounded.
Sigmund barely misses you.
You riposte.
You slash Sigmund!
Sigmund is severely wounded.
You closely miss Sigmund.
Sigmund is severely wounded.
Sigmund's eyes start glowing with a red light.
Sigmund hits you with a scythe of slicing!
* * * LOW HITPOINT WARNING * * *
x2 You hit Sigmund.
Your tail-slap misses Sigmund.
Sigmund is severely wounded.
Sigmund hits you with a scythe of slicing.
* * * LOW HITPOINT WARNING * * *
x2 You closely miss Sigmund.
Sigmund is severely wounded.
Sigmund casts a spell.
Sigmund flickers and vanishes!
Deactivating autopickup; reactivate with Ctrl-A.
You miss something. You block something's attack.
You hit something but do no damage. Something hits you!
You die...

###.##.#
#.#
##......##
.......#
#.#
#..........
....####
#.#
#.####.....
##..#
##.###(#
#### #..#
#......#
#..#
##..#####
#..# #...#
#..# #.#.#
...# #.#@#
#.##
#..{.(# #.#
#.....#
.......# #
##......# .
.......# #
#........
#.....##.#


There were no monsters in sight!

Vanquished Creatures
  An adder (D:3)
  An adder zombie (D:1)
  A dart slug (D:1)
  3 giant geckos
  2 bats
  3 goblins
  2 hobgoblins
  4 jackals (D:3)
  A kobold (D:1)
  A quokka zombie (D:1)
  2 rats (D:3)
21 creatures vanquished.

Notes
Turn   | Place    | Note
-------+----------+-------------------------------------------
     0 | D:1      | inmateoo the Draconian Fighter began the quest for the Orb.
     0 | D:1      | Reached XP level 1. HP: 19/19 MP: 1/1
    36 | D:1      | Reached XP level 2. HP: 23/26 MP: 2/2
   423 | D:3      | Reached XP level 3. HP: 11/31 MP: 3/3
   600 | D:3      | Noticed Torax's ghost (amateur OgMo)
   750 | D:3      | Noticed Sigmund
   762 | D:3      | HP: 1/31 [Sigmund/scythe of slicing (1)]
   765 | D:3      | Mangled by Sigmund

Vault maps used:
D:1:      saegor_arrival_fortress
D:2:      xom_redecorated, first_bread
D:3:      uniq_sigmund

Skill      XL: |  1  2  3 |
---------------+----------+-----
Dodging        | 3 |  3.0
Fighting       | |  3.6
Long Blades    | |  2.8
Shields        | |  3.3

Action                   || total
-------------------------++-------
Melee: Long sword        ||    57
       Tailslap          ||     7
  Use: Potion            ||     1
 Stab: Sleeping          ||     2
Armor: Skin              ||     4
Dodge: Dodged            ||    13
Block: Shield            ||    15
